 Dungeon Crawl Stone Soup version 0.20-a0-939-g04f5055 (webtiles) character file.

292648 Morrissey the Slayer (level 20, -6/234 HPs)
             Began as an Ogre Ice Elementalist on Mar 24, 2017.
             Was the Champion of Vehumet.
             Killed from afar by a deep troll earth mage (40 damage)
             ... with a blast of metal fragments
             ... led by an ironheart preserver
             ... on level 3 of the Vaults on Mar 30, 2017.
             The game lasted 03:34:41 (61333 turns).

Morrissey the Slayer (Ogre Ice Elementalist)       Turns: 61333, Time: 03:34:42

Health: -6/234     AC: 10    Str: 17    XL:     20   Next: 80%
Magic:  6/38       EV: 25    Int: 22    God:    Vehumet [******]
Gold:   2363       SH:  4    Dex:  9    Spells: 12/48 levels left

rFire    . . .     SeeInvis +   b - +5 demon trident (freeze)
rCold    . . .     Gourm    .   (no shield)
rNeg     . . .     Faith    .   s - +2 robe {Archmagi}
rPois    .         Spirit   .   K - +2 hat {SInv}
rElec    .         Reflect  +   I - +2 cloak
rCorr    .         Harm     .   (gloves unavailable)
MR       ++...                  (boots unavailable)
Stlth    +.........             L - +4 amulet of reflection
Regen    0.5/turn               O - +6 ring of evasion
MPRegen  0.3/turn               q - +6 ring of evasion

@: no status effects
A: unfitting armour, tough skin 1
}: 2/15 runes: barnacled, gossamer
a: Renounce Religion


You were on level 3 of the Vaults.
You worshipped Vehumet.
Vehumet was exalted by your worship.
You were very hungry.

You visited 6 branches of the dungeon, and saw 34 of its levels.
You also visited: Bailey.

You collected 3080 gold pieces.
You spent 717 gold pieces at shops.

Inventory:

Hand Weapons
 b - a +5 demon trident of freezing (weapon)
Missiles
 p - 9 large rocks (quivered)
Armour
 s - a +2 robe of the Archmagi (worn)
 I - a +2 cloak (worn)
 K - a +2 hat of see invisible (worn)
Magical Staves
 a - an uncursed staff of cold
 n - an uncursed staff of conjuration
 V - an uncursed staff of wizardry
Jewellery
 q - a +6 ring of evasion (right hand)
 t - the ring of Desiuh {+Fly rF+ rN+}
   (You found it on level 2 of the Vaults)

   [ring of protection from fire]

   It protects you from fire.
   It protects you from negative energy.
   It lets you fly.
 B - an uncursed ring of poison resistance
 L - a +4 amulet of reflection (around neck)
 O - a +6 ring of evasion (left hand)
 U - an uncursed ring of protection from cold
Wands
 g - a wand of paralysis (5/24)
 i - a wand of lightning (11/15)
 m - a wand of acid (8/15)
 y - a wand of lightning (4/15)
 A - a wand of scattershot (2/9)
 G - a wand of flame (17/48)
 W - a wand of lightning (9/15)
 Y - a wand of disintegration (8/24)
 Z - a wand of flame (6/48)
Scrolls
 h - 2 scrolls of enchant armour
 k - 19 scrolls of remove curse
 o - a scroll of summoning
 u - 5 scrolls of teleportation
 E - 3 scrolls of identify
 M - 2 scrolls of fear
 P - 5 scrolls of blinking
 Q - 7 scrolls of amnesia
 R - a scroll of recharging
 S - 3 scrolls of magic mapping
Potions
 d - 6 potions of heal wounds
 e - 3 potions of might
 f - 2 potions of brilliance
 j - 3 potions of agility
 v - 3 potions of invisibility
 w - 5 potions of berserk rage
 x - 6 potions of mutation
 z - 9 potions of curing
 C - 9 potions of flight
 H - 2 potions of ambrosia
 J - 2 potions of resistance
Books
 r - a book of Changes

   Spells                             Type                      Level
   a - Beastly Appendage              Transmutation                1
   b - Sticks to Snakes               Transmutation                2
   c - Spider Form                    Transmutation/Poison         3
   d - Ice Form                       Ice/Transmutation            4
   e - Blade Hands                    Transmutation                5
Comestibles
 c - 5 bread rations
 l - 26 fruits
 D - 2 meat rations
 F - a royal jelly
 N - 10 chunks of flesh


   Skills:
 + Level 21.1 Fighting
 - Level 14.1 Polearms
 - Level 8.7 Dodging
 - Level 1.4 Stealth
 * Level 14.8 Spellcasting
 - Level 15.8 Conjurations
 - Level 4.0 Charms
 - Level 8.0 Summonings
 - Level 13.3 Ice Magic
 - Level 3.0 Air Magic


You had 12 spell levels left.
You knew the following spells:

 Your Spells              Type           Power        Failure   Level  Hunger
a - Freeze                Ice            ####         0%          1    None
b - Summon Ice Beast      Ice/Summ       #######.     1%          4    None
c - Throw Icicle          Conj/Ice       #######.     1%          4    None
d - Ozocubu's Armour      Chrm/Ice       ######..     1%          3    None
e - Orb of Destruction    Conj           #######...   1%          7    ######.
f - Throw Frost           Conj/Ice       ######       0%          2    None
g - Magic Dart            Conj           ####         0%          1    None
h - Bolt of Cold          Conj/Ice       #######...   1%          6    #####..
i - Blink                 Tloc           N/A          8%          2    None
j - Freezing Cloud        Conj/Ice/Air   #######...   2%          6    #####..


Dungeon Overview and Level Annotations

Branches:
Dungeon (15/15)            Temple (0/1) D:4            Lair (6/6) D:8
 Shoals (4/4) Lair:2       Spider (4/4) Lair:3        Slime (0/5) Lair:5
    Orc (2/2) D:10            Elf (0/3) Orc:2        Vaults (3/5) D:14
 Depths (0/5) D:15
  Crypt: Vaults:2-3

Altars:
Cheibriados
Elyvilon
Gozag
Hepliaklqana
Nemelex Xobeh
Ru
Sif Muna
Trog
Uskayaw
Vehumet
Xom
Zin
Beogh

Shops:
D:10 *   D:12 !   D:15 (   Orc:2 =[(?   Shoals:1 *   Vaults:3 }

Annotations:
D:3 Robin
D:11 exclusion: orange crystal statue
D:14 exclusion: downstairs
Lair:5 exclusion: downstairs
Shoals:1 exclusion: downstairs
Shoals:3 exclusion: downstairs
Orc:2 exclusion: upstairs
Vaults:2 exclusion: 2 doors


Innate Abilities, Weirdness & Mutations

You are too large for most types of armour.
You have tough skin. (AC +1)


Message History

The bolt of cold hits the deep troll.
The deep troll is moderately wounded.
* * * LOW MAGIC WARNING * * *
Casting: Bolt of Cold
Confirm with . or Enter, or press ? or * to list all spells.
Aiming: Bolt of Cold
Press: ? - help, Shift-Dir - straight line You feel a surge of power!
The bolt of cold hits the yaktaur captain.
You kill the yaktaur captain!
Vehumet accepts your kill.
You feel your power returning.
The bolt of cold hits the deep troll.
The deep troll is almost dead.
The bolt of cold hits the deep troll earth mage.
The deep troll earth mage is almost dead.
* * * LOW MAGIC WARNING * * *
You are feeling very hungry.
The deep troll earth mage casts a spell at you.
The metal wall shatters!
The blast of metal fragments hits you!
You die...

###..##..##..# #'#
########[##### #..
#.......[# #.. #........#
#.. #........# #.. ..
########........# #.. ..
#......#......).# #.. ..
#.....T'[....)..# ### ..##
#..>..)#T@...)..# ...###
#....TD######รท#########
.....# #......# #.........#
.p...# #....).# #.........#
cTT..#
#####c#######..#####..#
.....# #...).).....#..#...#
.##'####.#T)[....#.#..##'##
.#.....'.).........#..# ..
#...(T#.#.......#.#..# ..#


You could see a deep troll and a deep troll earth mage.

Vanquished Creatures
  Mara (Spider:4)
  Jorgrun (Vaults:2)
  A kraken (Shoals:3)
  A ghost moth (Spider:4)
  5 emperor scorpions (Spider:4)
  5 vault wardens
  An orc warlord (Orc:2)
  6 ironheart preservers
  6 entropy weavers
  3 stone giants
  Nessos (Orc:2)
  A spark wasp (Spider:4)
  Snorg (Orc:2)
  Azrael (D:12)
  11 merfolk javelineers
  3 yaktaur captains
  3 ettins
  The ghost of TBriggs11TB the Impaler, a journeyman MiBe of Trog (D:10)
  2 fire dragons
  10 merfolk impalers
  A great orb of eyes (Vaults:3)
  2 vault guards (Vaults:1)
  3 hydras
  4 ice dragons
  9 merfolk avatars
  27 two-headed ogres
  5 ogre magi
  9 centaur warriors
  2 dancing weapons (D:14)
  8 merfolk aquamancers
  A deep troll shaman (Vaults:2)
  A death yak (Shoals:1)
  3 deep troll earth magi
  2 tengu warriors
  A storm dragon zombie (D:15)
  3 deep elf knights
  18 skeletal warriors
  A fire crab (Lair:4)
  3 unseen horrors
  A hell knight (Vaults:2)
  An unseen horror (shapeshifter) (D:13)
  4 wizards
  A sea snake (shapeshifter) (Vaults:2)
  10 deep trolls
  12 sea snakes
  2 glowing orange brains (Vaults:1)
  Pikel (D:8)
  11 ironbrand convokers
  2 deep elf archers (Vaults:2)
  4 orc knights
  A phantasmal warrior (D:14)
  26 harpies
  16 orb spiders
  A necromancer (D:15)
  A wolf spider zombie (D:15)
  A stone giant zombie (D:15)
  2 orc sorcerers
  36 ugly things
  8 fauns
  11 deep elf magi
  2 cyclopes
  25 wolf spiders
  25 manticores
  An orb spider (shapeshifter) (Vaults:1)
  12 merfolk sirens
  2 moths of wrath
  5 vault sentinels
  9 black mambas
  A torpor snail (Spider:4)
  8 water nymphs
  14 spiny frogs
  A gargoyle (D:14)
  5 freezing wraiths
  17 yaktaurs
  A rime drake (shapeshifter) (D:14)
  8 rime drakes (Lair:6)
  9 komodo dragons
  13 demonic crawlers
  3 kobold demonologists
  An efreet (D:14)
  A jumping spider (shapeshifter) (Vaults:1)
  51 merfolk
  29 jumping spiders
  6 meliai
  A queen bee (shapeshifter) (D:15)
  4 trolls
  10 hornets
  A troll (shapeshifter) (Vaults:2)
  A spriggan zombie (D:15)
  10 wind drakes
  7 polar bears
  A meliai zombie (D:15)
  14 hippogriffs
  4 blink frogs (Lair:3)
  A snapping turtle (shapeshifter) (Vaults:3)
  9 slime creatures (Vaults:2)
  6 dream sheep
  8 snapping turtles
  67 redbacks
  A spriggan (Lair:5)
  39 tarantellas
  9 water elementals
  A deep troll skeleton (D:15)
  3 wraiths
  42 yaks
  9 wyverns
  A fire elemental (D:12)
  3 hungry ghosts
  8 vampire mosquitoes
  A basilisk (D:15)
  5 wargs (Orc:2)
  4 acid dragons
  14 porcupines
  13 water moccasins
  2 eyes of draining
  5 hell hounds (D:12)
  3 ice beasts
  30 orc warriors
  2 black bears (D:10)
  18 ogres
  3 sky beasts
  32 wolves (Lair:6)
  21 centaurs
  10 crocodiles
  3 big kobolds
  27 bullfrogs
  A bullfrog (shapeshifter) (Vaults:1)
  A wyvern skeleton (D:12)
  A water moccasin zombie (D:10)
  4 scorpions
  A hornet simulacrum (D:15)
  A water moccasin skeleton (D:4)
  An electric eel (Spider:4)
  A howler monkey (D:5)
  3 centaur zombies
  8 crimson imps
  A quasit (D:5)
  Crazy Yiuf (D:6)
  3 jellies
  2 bullfrog skeletons (D:12)
  6 hounds
  20 orc priests
  37 orc wizards
  4 centaur skeletons
  4 iguanas
  Terence (D:2)
  Natasha (thrice) (D:2)
  14 worker ants
  A hound zombie (D:6)
  2 hound skeletons
  13 adders
  2 gnolls
  3 shadow imps (D:5)
  An ooze (Lair:5)
  2 adder zombies
  An adder skeleton (D:7)
  3 worms
  3 dart slugs
  3 leopard geckos
  113 orcs
  3 giant cockroaches
  8 hobgoblins
  4 jackals
  A quokka (D:6)
  A ball python (D:6)
  5 bats
  4 frilled lizards
  11 goblins
  A jackal skeleton (D:4)
  19 kobolds
  A leopard gecko zombie (D:8)
  A quokka skeleton (D:4)
  A quokka zombie (D:6)
  4 rats
  A fungus (Lair:4)
  5 plants
  A tentacle (Shoals:3)
1357 creatures vanquished.

Vanquished Creatures (collateral kills)
  Gastronok (D:8)
  3 hydras
  A two-headed ogre (D:9)
  2 spiny frogs
  The ghost of feelmyfire the Sneak, a novice VSEn of Kikubaaqudgha (D:5)
  A merfolk (D:9)
  4 blink frogs (Lair:3)
  Prince Ribbit (Lair:3)
  A wyvern (D:8)
  14 yaks
  Duvessa (D:7)
  3 orc warriors (D:10)
  An ogre (D:5)
  Dowan (D:7)
  A howler monkey (D:8)
  4 orc priests (D:10)
  A hound (D:7)
  A worker ant (D:8)
  4 orc wizards
  3 gnolls (D:9)
  An ooze (Lair:5)
  16 orcs (D:10)
  A jackal (D:9)
  A leopard gecko zombie (D:8)
68 creatures vanquished.

Vanquished Creatures (others)
  A centaur warrior (D:14)
  A jumping spider (Spider:2)
  A water moccasin (Lair:5)
  A slave (D:8)
  A hound (D:8)
  11 fungi
  12 plants
  3 tentacles (Shoals:3)
31 creatures vanquished.

Grand Total: 1456 creatures vanquished

Notes
Turn   | Place    | Note
-------+----------+-------------------------------------------
     0 | D:1      | Morrissey the Ogre Ice Elementalist began the quest for the Orb.
     0 | D:1      | Reached XP level 1. HP: 16/16 MP: 3/3
   328 | D:1      | Reached XP level 2. HP: 24/26 MP: 3/5
   450 | D:1      | Reached skill level 1 in Fighting
   779 | D:1      | Reached XP level 3. HP: 31/33 MP: 2/7
  1032 | D:1      | Learned a level 2 spell: Throw Frost
  1271 | D:2      | Noticed Natasha
  1278 | D:2      | Killed Natasha
  1348 | D:2      | Noticed Natasha
  1355 | D:2      | Killed Natasha
  1355 | D:2      | Reached skill level 2 in Fighting
  1355 | D:2      | Reached XP level 4. HP: 33/42 MP: 2/9
  1426 | D:2      | Learned a level 4 spell: Summon Ice Beast
  1433 | D:2      | Noticed Natasha
  1441 | D:2      | Killed Natasha
  1691 | D:2      | Reached XP level 5. HP: 49/49 MP: 7/10
  1707 | D:2      | Found a glowing silver altar of Zin.
  1828 | D:2      | Noticed Terence
  1840 | D:2      | Killed Terence
  2063 | D:3      | Found a bloodstained altar of Trog.
  2174 | D:3      | Found a radiant altar of Vehumet.
  2210 | D:3      | Became a worshipper of Vehumet
  2219 | D:3      | Noticed Robin
  2774 | D:4      | Learned a level 4 spell: Throw Icicle
  2791 | D:4      | Found a shimmering altar of Xom.
  2805 | D:4      | Found a sacrificial altar of Ru.
  2815 | D:4      | Found a staircase to the Ecumenical Temple.
  2845 | D:4      | Reached XP level 6. HP: 46/59 MP: 8/12
  3043 | D:4      | Reached skill level 3 in Fighting
  3112 | D:4      | Reached * piety under Vehumet
  3112 | D:4      | Offered knowledge of Shock by Vehumet.
  3148 | D:4      | Found a snail-covered altar of Cheibriados.
  3149 | D:4      | Found a hide-covered altar of Uskayaw.
  3185 | D:4      | Noticed a sky beast
  3194 | D:4      | Killed a sky beast
  3194 | D:4      | Reached skill level 5 in Spellcasting
  3194 | D:4      | Reached skill level 5 in Ice Magic
  3280 | D:4      | Found a glowing drain.
  3501 | D:4      | Found an opulent altar of Gozag.
  3601 | D:4      | Reached XP level 7. HP: 67/67 MP: 11/14
  3803 | D:5      | Entered Level 5 of the Dungeon
  3834 | D:5      | Reached skill level 4 in Fighting
  4162 | D:5      | Noticed feelmyfire's ghost (novice VSEn)
  4184 | D:5      | Found a hazy altar of Hepliaklqana.
  4531 | D:5      | Reached skill level 1 in Summonings
  4544 | D:5      | Killed feelmyfire's ghost
  4544 | D:5      | Offered knowledge of Sandblast by Vehumet.
  4544 | D:5      | Reached XP level 8. HP: 74/79 MP: 3/16
  4587 | D:5      | Reached ** piety under Vehumet
  5189 | D:6      | Reached skill level 5 in Fighting
  5873 | D:6      | Reached skill level 6 in Fighting
  6131 | D:6      | Found a runed door.
  6348 | D:6      | Reached skill level 1 in Conjurations
  6407 | D:6      | Reached XP level 9. HP: 78/89 MP: 17/17
  6540 | D:6      | Noticed Crazy Yiuf
  6544 | D:6      | Killed Crazy Yiuf
  6607 | D:6      | Offered knowledge of Inner Flame by Vehumet.
  7134 | D:7      | Noticed Duvessa
  7134 | D:7      | Noticed Dowan
  7153 | D:7      | Reached *** piety under Vehumet
  7155 | D:7      | Killed Duvessa
  7155 | D:7      | Reached skill level 5 in Summonings
  7159 | D:7      | Killed Dowan
  7344 | D:7      | Found a deep blue altar of Sif Muna.
  7581 | D:8      | Noticed Pikel
  7600 | D:8      | Killed Pikel
  7600 | D:8      | Reached skill level 7 in Fighting
  7708 | D:8      | Offered knowledge of Sticky Flame by Vehumet.
  8010 | D:8      | Found a staircase to the Lair.
  8019 | D:8      | Noticed Gastronok
  8032 | D:8      | Killed Gastronok
  8032 | D:8      | Reached skill level 8 in Fighting
  8032 | D:8      | Reached XP level 10. HP: 82/104 MP: 2/18
  8368 | D:9      | Noticed a two-headed ogre
  8379 | D:9      | Killed a two-headed ogre
  8421 | D:9      | Noticed a kobold demonologist
  8770 | D:9      | Learned a level 3 spell: Ozocubu's Armour
  9039 | D:9      | Killed a kobold demonologist
  9039 | D:9      | Reached skill level 9 in Fighting
  9039 | D:9      | Reached skill level 1 in Charms
  9069 | D:9      | Got a steaming robe
  9080 | D:9      | Identified the +1 robe of Beogh's Regard {rF+ Str+6} (You found it on level 9 of the Dungeon)
  9326 | D:9      | Found a white marble altar of Elyvilon.
  9364 | D:10     | Entered Level 10 of the Dungeon
  9364 | D:10     | Noticed a two-headed ogre
  9381 | D:10     | Killed a two-headed ogre
  9500 | D:10     | Reached **** piety under Vehumet
  9511 | D:10     | Offered knowledge of Iskenderun's Battlesphere by Vehumet.
  9692 | D:10     | Found a staircase to the Orcish Mines.
  9722 | D:10     | Reached XP level 11. HP: 115/115 MP: 7/19
 10508 | D:10     | Found Mausehol's General Store.
 10509 | D:10     | Noticed TBriggs11TB's ghost (journeyman MiBe)
 10575 | Lair:1   | Entered Level 1 of the Lair of Beasts
 10609 | Lair:1   | Reached skill level 10 in Fighting
 10890 | Lair:1   | Noticed a four-headed hydra
 10894 | Lair:1   | Killed a four-headed hydra
 10982 | Lair:1   | Learned a level 5 spell: Iskenderun's Battlesphere
 10994 | Lair:1   | Learned a level 1 spell: Magic Dart
 11071 | Lair:1   | Reached ***** piety under Vehumet
 11716 | Lair:1   | Offered knowledge of Bolt of Cold by Vehumet.
 12553 | Lair:2   | Learned a level 6 spell: Bolt of Cold
 12633 | Lair:2   | Reached skill level 5 in Conjurations
 12633 | Lair:2   | Reached XP level 12. HP: 101/128 MP: 17/24
 12901 | Lair:2   | Found a staircase to the Shoals.
 13898 | Lair:3   | Noticed Prince Ribbit
 13908 | Lair:3   | Killed Prince Ribbit
 14211 | Lair:3   | Found a hole to the Spider Nest.
 14217 | Lair:3   | Reached skill level 10 in Ice Magic
 14730 | Lair:4   | Noticed a seven-headed hydra
 15074 | Lair:4   | Noticed a six-headed hydra
 15081 | Lair:4   | Killed a six-headed hydra
 16845 | Lair:5   | Found a staircase to the Slime Pits.
 16846 | Lair:5   | Noticed a four-headed hydra
 16856 | Lair:5   | Killed a four-headed hydra
 16856 | Lair:5   | Reached XP level 13. HP: 135/135 MP: 12/25
 17443 | Lair:5   | Reached skill level 10 in Conjurations
 17933 | Lair:6   | Entered Level 6 of the Lair of Beasts
 18459 | Lair:5   | Reached skill level 11 in Fighting
 18952 | Lair:6   | Reached skill level 5 in Dodging
 19126 | Lair:6   | Offered knowledge of Poison Arrow by Vehumet.
 19724 | Lair:6   | Identified Kodd's Almanac of Sinister Boosts
 20650 | Lair:6   | Reached XP level 14. HP: 133/146 MP: 16/26
 22331 | D:10     | Bought a scroll of enchant weapon for 105 gold pieces
 22630 | D:9      | Learned a level 7 spell: Orb of Destruction
 22743 | D:10     | Killed TBriggs11TB's ghost
 23119 | D:11     | Reached skill level 12 in Fighting
 23129 | D:11     | Offered knowledge of Fireball by Vehumet.
 23875 | D:12     | Found Sixackam's Distillery.
 23883 | D:12     | Bought a potion of resistance for 150 gold pieces
 23883 | D:12     | Bought a potion of curing for 45 gold pieces
 23883 | D:12     | Bought a potion of curing for 45 gold pieces
 24416 | D:12     | Found a flagged portal.
 24472 | Bailey   | Entered a bailey
 24568 | Bailey   | Noticed grippy's ghost (journeyman MiFi)
 24981 | D:12     | Noticed Azrael
 24988 | D:12     | Killed Azrael
 26304 | D:13     | Offered knowledge of Bolt of Fire by Vehumet.
 26688 | D:14     | Found a sparkling altar of Nemelex Xobeh.
 26916 | Orc:1    | Entered Level 1 of the Orcish Mines
 27143 | Orc:1    | Found a bloodstained altar of Trog.
 27659 | Orc:2    | Entered Level 2 of the Orcish Mines
 27747 | Orc:2    | Noticed Snorg
 27760 | Orc:2    | Killed Snorg
 28441 | D:13     | Reached skill level 13 in Fighting
 28656 | D:14     | Reached XP level 15. HP: 159/159 MP: 23/27
 29792 | Orc:2    | Found a roughly hewn altar of Beogh.
 29838 | Orc:2    | Found a roughly hewn altar of Beogh.
 29927 | Orc:2    | Found Cylikuog's Magic Scroll Emporium.
 29966 | Orc:2    | Found a roughly hewn altar of Beogh.
 30048 | Orc:2    | Found a roughly hewn altar of Beogh.
 30078 | Orc:2    | Found Hojuenos's Jewellery Emporium.
 30421 | Orc:2    | Offered knowledge of Conjure Ball Lightning by Vehumet.
 30717 | Orc:2    | Found a staircase to the Elven Halls.
 30756 | Orc:2    | Found a roughly hewn altar of Beogh.
 30875 | Orc:2    | Noticed Nessos
 30886 | Orc:2    | Killed Nessos
 31530 | Orc:2    | Noticed an orc warlord
 31607 | Orc:2    | Killed an orc warlord
 31735 | Orc:2    | Found Beps's Antique Armour Boutique.
 31735 | Orc:2    | Found a roughly hewn altar of Beogh.
 31738 | Orc:2    | Found Juner Ypuliz's Antique Weapon Shop.
 31983 | Shoals:1 | Entered Level 1 of the Shoals
 32159 | Lair:2   | Upgraded the game from 0.20-a0-910-gb611367 to 0.20-a0-920-gb18bc0f
 32376 | Shoals:1 | Found Beijymm's Assorted Antiques.
 32381 | Shoals:1 | Reached skill level 14 in Fighting
 32512 | Shoals:1 | Bought a scroll of teleportation for 93 gold pieces
 32512 | Shoals:1 | Bought a potion of curing for 93 gold pieces
 32512 | Shoals:1 | Bought a potion of curing for 93 gold pieces
 32512 | Shoals:1 | Bought a scroll of identify for 62 gold pieces
 32512 | Shoals:1 | Bought a scroll labeled WEPPUHUGAP for 31 gold pieces
 35019 | Shoals:2 | Reached XP level 16. HP: 161/174 MP: 15/28
 35268 | Shoals:2 | Reached skill level 15 in Fighting
 35616 | Shoals:2 | Learned a level 2 spell: Blink
 36323 | Shoals:3 | Offered knowledge of Ozocubu's Refrigeration by Vehumet.
 36615 | Shoals:3 | Reached skill level 15 in Conjurations
 37062 | Shoals:3 | Reached skill level 1 in Polearms
 38078 | Shoals:4 | Entered Level 4 of the Shoals
 38162 | Shoals:4 | Reached skill level 16 in Fighting
 38731 | Shoals:3 | Upgraded the game from 0.20-a0-920-gb18bc0f to 0.20-a0-923-g548304e
 38823 | Shoals:3 | Noticed a kraken
 38824 | Shoals:3 | Got a heavily runed wooden ring
 38826 | Shoals:3 | Identified the ring of Leaves {Dex+4 Stlth+} (You took it off a merfolk aquamancer on level 3 of the Shoals)
 39315 | Shoals:3 | Reached skill level 5 in Polearms
 40192 | Shoals:3 | Killed a kraken
 40282 | Shoals:4 | Reached XP level 17. HP: 189/189 MP: 21/30
 40285 | Shoals:4 | Reached skill level 10 in Spellcasting
 40460 | Shoals:3 | Learned a level 6 spell: Freezing Cloud
 40465 | Shoals:4 | Reached skill level 1 in Air Magic
 40629 | Shoals:3 | Reached ****** piety under Vehumet
 40678 | Shoals:3 | Offered knowledge of Bolt of Fire by Vehumet.
 41229 | Shoals:4 | Reached skill level 17 in Fighting
 43388 | Shoals:4 | Got a barnacled rune of Zot
 43545 | Spider:1 | Entered Level 1 of the Spider Nest
 43717 | Spider:1 | Upgraded the game from 0.20-a0-923-g548304e to 0.20-a0-924-gfa95efa
 43746 | Lair:3   | Upgraded the game from 0.20-a0-924-gfa95efa to 0.20-a0-927-g1ae2c61
 44890 | D:14     | Found a gate to the Vaults.
 44988 | D:14     | Offered knowledge of Fire Storm by Vehumet.
 44988 | D:14     | Offered knowledge of Glaciate by Vehumet.
 44988 | D:14     | Offered knowledge of Chain Lightning by Vehumet.
 45468 | D:15     | Entered Level 15 of the Dungeon
 45472 | D:15     | Found a staircase to the Depths.
 45951 | D:14     | Upgraded the game from 0.20-a0-927-g1ae2c61 to 0.20-a0-939-g04f5055
 45996 | D:15     | Found Loun's Antique Weapon Shoppe.
 46469 | D:15     | Reached XP level 18. HP: 202/202 MP: 6/33
 46901 | D:15     | Reached skill level 10 in Polearms
 47528 | D:15     | Identified a scroll of acquirement
 48327 | Spider:2 | Reached skill level 18 in Fighting
 50451 | Spider:4 | Entered Level 4 of the Spider Nest
 51358 | Spider:4 | Noticed Mara
 51382 | Spider:4 | Noticed Morrissey's illusion
 51846 | Spider:4 | Killed Mara
 52431 | Spider:4 | Reached skill level 19 in Fighting
 52435 | Spider:4 | Reached XP level 19. HP: 210/215 MP: 6/36
 53486 | Spider:3 | HP: 9/215 [demonic crawler (12)]
 53503 | Spider:3 | HP: 7/215 [tarantella (14)]
 53511 | Spider:3 | HP: 9/215 [tarantella (3)]
 54461 | Spider:4 | Got a gossamer rune of Zot
 54971 | Vaults:1 | Entered Level 1 of the Vaults
 57206 | Vaults:1 | Reached skill level 20 in Fighting
 57775 | Vaults:1 | Reached XP level 20. HP: 209/228 MP: 25/38
 58441 | Vaults:2 | Noticed Jorgrun
 58685 | Vaults:2 | Killed Jorgrun
 59749 | Vaults:2 | Got a coiled bone ring
 59751 | Vaults:2 | Identified the ring of Desiuh {+Fly rF+ rN+} (You found it on level 2 of the Vaults)
 60702 | Vaults:3 | Found Girour's Gadget Boutique.
 61199 | Vaults:3 | Reached skill level 21 in Fighting
 61333 | Vaults:3 | Killed from afar by a deep troll earth mage

Vault maps used:
D:1:      lemuel_arrival_muddy, minmay_misc_feat_nine_boxes,
          corexii_leaking_fountain
D:2:      zin_academy, first_bread, uniq_terence, uniq_natasha
D:3:      vehumet_crystals, trog_three_pillars_becter, uniq_robin
D:4:      kennysheep_mini, lemuel_crystal_altar,
          gammafunk_temple_overflow_forgotten, minmay_temple_entry_overgrown,
          portal_sewer_entry_d
D:5:      basic_altar
D:6:      uniq_crazy_yiuf_cottage
D:7:      led_sif_pool, st_stairs_10, uniq_duvessa
D:8:      lair_entry_dummy, uniq_gastronok, uniq_pikel
D:9:      marbit_many_paths, hangedman_fish_farm
D:10:     hiddenorc2_lemuel, serial_shops, nicolae_shop_trees
D:11:     minivault_16
D:12:     enter_bailey_2, minmay_shop_grid_forest, uniq_azrael
D:14:     erik_vaults_1, nemelex_xobeh_ov_fountains_minmay
D:15:     gammafunk_depths_entry_grave, serial_shops, shop_statue
Lair:1:   grunt_megastairs_2, serial_bayou_shore_b
Lair:2:   shoals_dummy_entry, grunt_megastairs_4
Lair:3:   nicolae_spider_entry_orb_guardian, uniq_prince_ribbit2
Lair:4:   minivault_24, grunt_megastairs_5
Lair:5:   nicolae_slime_entry_slimehenge, cheibrodos_lair_caveside_slide,
          st_stairs_12, grunt_forest_large_clearing_hut
Lair:6:   gammafunk_lair_ancient_temple, serial_bayou_pond_b,
          grunt_forest_large_clearings
Shoals:1: serial_shops, shop
Shoals:3: nicolae_shoals_hunting_party
Shoals:4: shoals_end_simple, shoals_ilsuiw_alternative
Spider:2: einodemon_crawler_minivault
Spider:4: spider_rune_water, uniq_mara
Orc:1:    trog_book
Orc:2:    grunt_orc_community_town_hall, grunt_orc_community_big_house_1,
          grunt_orc_community_big_house_2, grunt_orc_community_house_1,
          grunt_orc_community_house_3, grunt_orc_community_house_2,
          grunt_orc_community_house_3, uniq_snorg, uniq_nessos
Vaults:1: vaults_room_fours, hangedman_vaults_unwind, nicolae_vaults_what_the_h,
          ontoclasm_vaults_fault, vaults_dpeg_diagonal, hangedman_vaults_hat,
          hangedman_vaults_pinch, ontoclasm_vaults_ring_small,
          hangedman_vaults_stretched_pinwheel, nicolae_vaults_alarming
Vaults:2: ontoclasm_vaults_gallery, nicolae_vaults_twisting_passages, v_misc_15,
          vaults_room_boxed, v_alt_pattern_2, ontoclasm_vaults_decontamination,
          dpeg_vaults_monster_box, uniq_jorgrun
Vaults:3: v_alt_pattern_6, nicolae_vaults_puzzle_piece,
          minmay_crypt_entry_simple_statues, vaults_mumra_chevron,
          ontoclasm_vaults_ring_small, vaults_room_hallway,
          nicolae_vaults_mini_display_case, ontoclasm_vaults_tryst,
          nicolae_vaults_big_angled_halls, ontoclasm_vaults_loading_screen,
          nicolae_vaults_display_case, serial_shops, nicolae_shop_stone
Bailey:   bailey_axe_4, bailey

Skill      XL: |  1  2  3  4  5  6  7  8  9 10 11 12 13 14 15 16 17 18 19 20 |
---------------+-------------------------------------------------------------+-----
Ice Magic      | 3 4 5 6 7 8 9 10 11 12 13 | 13.3
Fighting       | 1 2 3 4 6 8 9 10 11 13 14 16 17 19 20 21 | 21.1
Spellcasting   | 3 4 5 8 9 11 13 14 | 14.8
Summonings     | 1 4 6 7 8 |  8.0
Conjurations   | 1 4 5 9 10 12 14 15 | 15.8
Charms         | 2 4 |  4.0
Dodging        | 3 6 8 |  8.7
Polearms       | 5 9 12 14 | 14.1
Air Magic      | 3 |  3.0
Stealth        | |  1.4

Action                   |  1- 3 |  4- 6 |  7- 9 | 10-12 | 13-15 | 16-18 | 19-21 || total
-------------------------+-------+-------+-------+-------+-------+-------+-------++-------
Melee: Whip              |     4 |     6 |    17 |    38 |       |       |       ||    65
       Trident           |       |    79 |   183 |   105 |       |       |       ||   367
       Morningstar       |       |       |       |   136 |    53 |       |       ||   189
       Staff             |       |       |       |       |    68 |     2 |     4 ||    74
       Demon trident     |       |       |       |       |       |   303 |   159 ||   462
 Cast: Freeze            |    40 |    73 |   141 |   122 |    48 |    15 |       ||   439
       Summon Ice Beast  |       |       |    18 |    49 |     1 |     1 |       ||    69
       Throw Frost       |       |       |     2 |     5 |     1 |    17 |     1 ||    26
       Throw Icicle      |       |       |       |   137 |   486 |   580 |   268 ||  1471
       Ozocubu's Armour  |       |       |       |     5 |     1 |     1 |     1 ||     8
       Bolt of Cold      |       |       |       |     2 |   127 |   119 |   110 ||   358
       Freezing Cloud    |       |       |       |       |       |    32 |    25 ||    57
       Orb of Destructio |       |       |       |       |       |     1 |     5 ||     6
       Blink             |       |       |       |       |       |     1 |     1 ||     2
Evoke: Wand              |       |       |       |     2 |    10 |     5 |     2 ||    19
  Use: Scroll            |       |       |    14 |     2 |    18 |    22 |     5 ||    61
       Potion            |       |       |       |       |     1 |     9 |     8 ||    18
 Stab: Sleeping          |       |     3 |     1 |     1 |       |       |       ||     5
       Distracted        |       |       |       |     1 |       |       |       ||     1
  Eat: Chunk             |     1 |     7 |    12 |    34 |   102 |    48 |    44 ||   248
       Meat ration       |       |       |     1 |     3 |     6 |     2 |     1 ||    13
       Royal jelly       |       |       |       |       |     6 |     5 |       ||    11
       Fruit             |       |       |       |       |     2 |     7 |     3 ||    12
       Bread ration      |       |       |       |       |       |    10 |     2 ||    12
Armor: Robe              |     5 |    13 |    87 |    75 |    62 |   109 |    68 ||   419
       Skin              |       |       |       |       |       |     1 |       ||     1
Dodge: Dodged            |    40 |   137 |   437 |   426 |   397 |   822 |   287 ||  2546
Block: Other             |       |       |       |    65 |    74 |   122 |    60 ||   321
       Reflection        |       |       |       |       |    11 |    18 |    12 ||    41
